 Dungeon Crawl Stone Soup version 0.15.2 (webtiles) character file.

15 Iskender the Chopper (level 2, -3/19 HPs)
             Began as a Formicid Wanderer on Dec 29, 2014.
             Slain by a kobold
             ... wielding a +0 short sword
              (5 damage)
             ... on Level 1 of the Dungeon.
             The game lasted 00:07:00 (809 turns).

Iskender the Chopper (Formicid Wanderer)             Turns: 809, Time: 00:07:00

HP  -3/19        AC  5     Str 18      XL: 2   Next: 65%
MP   4/4         EV 10     Int 11      God:
Gold 87          SH  0     Dex  8      Spells:  0 memorised,  3 levels left

rFire  . . .     SeeInvis +     d - +0 club
rCold  . . .     Clarity  .     b - +0 ring mail
rNeg   . . .     rCorr    .     (no shield)
rPois  .         rRot     .     (helmet unavailable)
rElec  .         Spirit   .     (no cloak)
SustAb .         Warding  .     (no gloves)
rMut   .         Stasis   +     (no boots)
Gourm  .                        (no amulet)
MR     .....                    (no ring)
                                i - cursed ring of teleportation

@: not resistant to hostile enchantments, extremely unstealthy
A: permanent stasis, dig shafts and tunnels, four strong arms, antennae 3
a: Dig, Shaft Self, Evoke Teleportation


You were on level 1 of the Dungeon.
You were not hungry.

You visited 1 branch of the dungeon, and saw 1 of its levels.

You collected 87 gold pieces.

Inventory:

Hand weapons
 d - a +0 club (weapon)
Missiles
 l - 17 stones (quivered)
 r - 12 bolts
Armour
 b - a +0 ring mail (worn)
Magical devices
 a - a wand of confusion (15)
Comestibles
 f - 2 bread rations
 j - a royal jelly
 n - a rotting chunk of rat flesh
 o - a rotting chunk of giant newt flesh
 q - a beef jerky
Scrolls
 g - a scroll of amnesia {unknown}
 k - a scroll of enchant weapon {unknown}
 p - a scroll of blinking {unknown}
 s - a scroll of random uselessness {unknown}
Jewellery
 i - a cursed ring of teleportation (left hand)
Potions
 c - a potion of lignification
 e - a potion of magic {unknown}
 h - a potion of agility {unknown}


   Skills:
   Level 3.0(3.3) Axes
 + Level 2.0(2.8) Maces & Flails
 - Level 2.1 Armour
 - Level 1.1 Spellcasting
   Level 2.0 Ice Magic
 - Level 2.1 Evocations


You had 3 spell levels left.
You didn't know any spells.

Dungeon Overview and Level Annotations

Branches:
Dungeon (1/15)

Altars:


Innate Abilities, Weirdness & Mutations

Your are under a permanent stasis effect.
You can dig through walls and to a lower floor.
Your four strong arms can wield two-handed weapons with a shield.
You have a pair of large antennae on your head (SInv).


Message History

You throw a stone.
The stone hits the kobold but does no damage.
Throwing (i - inventory):
l - 18 stones (quivered)
Press: ? - help, Shift-Dir - straight line, f/p - kobold
Aim: a kobold, wielding a short sword You throw a stone.
The stone hits the kobold but does no damage.
You hit the kobold but do no damage. The kobold hits you with a short sword.
You barely miss the kobold. The kobold hits you but does no damage.
You closely miss the kobold. The kobold hits you with a short sword.
You barely miss the kobold. The kobold hits you but does no damage.
You hit the kobold but do no damage. The kobold hits you but does no damage.
The kobold hits you with a short sword.
* * * LOW HITPOINT WARNING * * *
You hit the kobold.
The kobold is moderately wounded.
The kobold hits you with a short sword.
* * * LOW HITPOINT WARNING * * *
The kobold hits you with a short sword.
You die...

#.............###..
#########.....# #..
#.....# #..
##############.##### #..
#............#.#######..
#............#.)........
#............#.#######..
#............#..........
#.....K@.....#...#######
#............'...#
#............#...#
#..(.........#...#
#.$....####'######
#(.....# #.# #######
#......# #.# ........
#....... ..# ........
#......## ### ........


You could see a kobold.

Vanquished Creatures
  A giant gecko (D:1)
  2 giant cockroaches (D:1)
  3 hobgoblins (D:1)
  A bat (D:1)
  3 giant newts (D:1)
  2 goblins (D:1)
  2 kobolds (D:1)
  A rat (D:1)
15 creatures vanquished.

Notes
Turn   | Place    | Note
--------------------------------------------------------------
     0 | D:1      | Iskender, the Formicid Wanderer, began the quest for the Orb.
     0 | D:1      | Reached XP level 1. HP: 13/13 MP: 2/2
   103 | D:1      | Reached skill level 1 in Maces & Flails
   275 | D:1      | Reached XP level 2. HP: 11/19 MP: 4/4
   809 | D:1      | Slain by a kobold

Action                   || total
-------------------------++-------
Melee: Club              ||    86
Throw: Stone             ||     3
 Abil: Dig               ||    10
